 Dungeon Crawl Stone Soup version 0.31.0-12-g77e489cdc1 (webtiles) character file.

Game seed: 13255114062539067880

163 spaghetti the Ruffian (level 5, 0/32 HPs)
             Began as a Tengu Chaos Knight on Feb 26, 2024.
             Was a Plaything of Xom.
             Slain by an iguana (11 damage)
             ... on level 4 of the Dungeon.
             The game lasted 00:02:56 (2458 turns).

spaghetti the Ruffian (Tengu Chaos Knight)          Turns: 2458, Time: 00:02:57

Health: 0/32       AC:  5    Str: 14    XL:     5   Next: 44%
Magic:  6/6        EV: 11    Int: 13    God:    Xom [...*..]
Gold:   142        SH:  0    Dex: 13    Spells: 4/4 levels left

rFire   . .          .
                       - Unarmed
rCold   . . .        (no shield)
rNeg    . . .        a - +2 leather armour
rPois   .            (helmet restricted)
rElec   .            (no cloak)
rCorr   .            (no gloves)
SInv    .            (boots unavailable)
Will    .....        (no amulet)
Stlth   +            (no ring)
HPRegen 0.25/turn    (no ring)
MPRegen 0.10/turn

%: random rage (3%), acrobat
@: mighty
A: beak, talons 3, acrobatic, berserk 1, wild magic 1
a: Renounce Religion


You were on level 4 of the Dungeon.
You worshipped Xom.
You were a favourite toy of Xom.
You visited 1 branch of the dungeon, and saw 4 of its levels.

You collected 142 gold pieces.

Inventory:

Armour
 a - a +2 leather armour (worn)
Wands
 k - a wand of quicksilver (5)
Scrolls
 b - a scroll of butterflies
 c - 2 scrolls of amnesia
 d - 2 scrolls of identify
 e - a scroll of vulnerability
 f - a scroll of teleportation
Potions
 h - a potion of haste {unknown}
 i - a potion of degeneration {unknown}
 j - a potion of berserk rage {unknown}
 l - a potion of curing {unknown}


   Skills:
 - Level 3.0 Fighting
 - Level 2.1 Armour
 - Level 1.1 Dodging
 + Level 6.5 Unarmed Combat


You had 4 spell levels left.
You didn't know any spells.
Your spell library contained the following spells:

 Spells                   Type           Power      Damage    Failure   Level
 Call Imp                 Summ           0%         N/A       58%         2
 Sublimation of Blood     Necr           0%         N/A       58%         2
 Summon Hydra             Summ           0%         N/A       100%        7


Dungeon Overview and Level Annotations

Branches:
Dungeon (4/15)
 Temple: D:4-7

Altars:
Ashenzari
Nemelex Xobeh
Sif Muna
Uskayaw

Shops:
D:1 [?


Innate Abilities, Weirdness & Mutations

You have a beak for a mouth.
You have claws for feet.
You can magically evade attacks while moving or waiting.
You sometimes lose your temper in combat.
Your spells are a little harder to cast, but a little more powerful.


Message History

You are too injured to fight recklessly!
You hit the goblin. You claw the goblin.
The goblin is severely wounded.
The goblin barely misses you.
You barely miss the goblin.
The goblin is severely wounded.
The goblin hits you with a +0 club.
You closely miss the goblin. Your kick misses the goblin. You peck the goblin.
You kill the goblin!
You closely miss the goblin. The goblin hits you with a +0 dagger.
You punch the goblin!
You kill the goblin!
Things that are here:
a +0 dagger; a +0 club An ogre is nearby!
An ogre is nearby!
There is an escape hatch in the floor here.
You slide downwards.
The hatch slams shut behind you.
Xom is interested.
The iguana hisses angrily.
Found 12 gold pieces and a robe.
An iguana is nearby!
You completely miss the iguana. You claw the iguana, but do no damage.
You closely miss the iguana. Your kick misses the iguana.
You peck the iguana, but do no damage. The iguana barely misses you.
You hit the iguana but do no damage. The iguana bites you.
You closely miss the iguana. Your kick misses the iguana.
Your peck misses the iguana. The iguana completely misses you.
You closely miss the iguana. You peck the iguana.
The iguana is lightly wounded.
The iguana bites you.
You hit the iguana but do no damage. You peck the iguana, but do no damage.
The iguana is lightly wounded.
The iguana bites you.
You hit the iguana. You peck the iguana, but do no damage.
The iguana is moderately wounded.
The iguana bites you but does no damage.
You feel very mighty all of a sudden. The iguana bites you!
You die...

########
##......##
##..$.....##
......l@...#
#..............
#..............
...............
..........[....
...............
#..............
#..............


You could see an iguana.

Vanquished Creatures
  Jessica (D:3)
  Terence (D:2)
  3 adders (D:3)
  4 ribbon worms
  A dart slug (D:1)
  7 ball pythons
  4 bats
  5 endoplasms
  2 giant cockroaches
  6 hobgoblins
  2 quokkas (D:1)
  5 frilled lizards
  11 goblins
  5 kobolds
  4 rats
61 creatures vanquished.

Vanquished Creatures (collateral kills)
  Ijyb (D:3)
1 creature vanquished.

Vanquished Creatures (others)
  A dart slug (D:2)
  A bat (D:3)
2 creatures vanquished.

Grand Total: 64 creatures vanquished

Notes
Turn   | Place    | Note
-------+----------+-------------------------------------------
     0 | D:1      | spaghetti the Tengu Chaos Knight began the quest for the
                  | Orb.
     0 | D:1      | Reached XP level 1. HP: 14/14 MP: 2/2
    93 | D:1      | Found Plog's Armour Boutique.
   139 | D:1      | Reached XP level 2. HP: 19/19 MP: 3/3
   175 | D:1      | Reached skill level 4 in Unarmed Combat
   206 | D:1      | Found Ivvoqauts's Magic Scroll Shop.
   450 | D:1      | XOM: silly message
   528 | D:1      | XOM: smoke on damage
   530 | D:1      | Reached XP level 3. HP: 20/23 MP: 4/4
   543 | D:1      | XOM: give mutations
   543 | D:1      | Gained mutation: You are somewhat resistant to further
                  | mutation. [Xom's mischief]
   923 | D:2      | Noticed Terence
   931 | D:2      | XOM: destruction
   937 | D:2      | Killed Terence
   938 | D:2      | Reached skill level 5 in Unarmed Combat
  1018 | D:2      | XOM: give mutations
  1018 | D:2      | Gained mutation: Your spells are a little harder to cast,
                  | but a little more powerful. [Xom's mischief]
  1018 | D:2      | Lost mutation: You are somewhat resistant to further
                  | mutation. [Xom's mischief]
  1018 | D:2      | Gained mutation: You sometimes lose your temper in combat.
                  | [Xom's mischief]
  1441 | D:2      | Reached XP level 4. HP: 28/28 MP: 5/5
  1490 | D:2      | Found a faded altar of an unknown god.
  1900 | D:3      | Found a sparkling altar of Nemelex Xobeh.
  1901 | D:3      | Found a broken altar of Ashenzari.
  1901 | D:3      | Found a hide-covered altar of Uskayaw.
  1903 | D:3      | Found a shimmering blue altar of Sif Muna.
  1979 | D:3      | Noticed Jessica
  1991 | D:3      | Killed Jessica
  1992 | D:3      | Reached skill level 6 in Unarmed Combat
  1992 | D:3      | Reached XP level 5. HP: 21/32 MP: 6/6
  2167 | D:3      | Noticed Ijyb
  2177 | D:3      | XOM: summons 5 friendly demons
  2185 | D:3      | Killed Ijyb
  2251 | D:3      | XOM: torment (17/32 hp)
  2342 | D:3      | Noticed an ogre
  2343 | D:3      | XOM: enchant monster (good)
  2344 | D:3      | XOM: summons 2 friendly demons
  2356 | D:3      | XOM: butterfly on damage
  2458 | D:4      | Slain by an iguana

Illustrated notes

Levels and vault maps discovered:
D:1:      minmay_arrival_floating_metal, layout_loops_ring, serial_shops,
          nicolae_shop_hallway_stairs, nicolae_diamond_shop
D:2:      layout_basic, hellmonk_ecumenical_altar_heavens_door, uniq_terence
D:3:      layout_rooms, chequers_temple_overflow_statue_of_worship,
          minmay_ogre_servants, uniq_jessica, uniq_ijyb
D:4:      layout_rooms, marbit_many_paths

Skill      XL: |  1  2  3  4 |
---------------+-------------+-----
Unarmed Combat | 4 5 6 |  6.5
Fighting       | |  3.0
Armour         | |  2.1
Dodging        | |  1.1

Action                     |  1- 3 |  4- 6 || total
---------------------------+-------+-------++-------
  Melee: Unarmed           |    84 |    88 ||   172
         Kick              |    23 |    18 ||    41
         Peck              |     9 |    15 ||    24
         Punch             |       |     3 ||     3
    Use: Scroll            |       |     5 ||     5
         Potion            |       |     1 ||     1
   Stab: Sleeping          |     1 |       ||     1
 Armour: Leather armour    |    23 |    46 ||    69
  Dodge: Dodged            |    54 |    66 ||   120
